 Dungeon Crawl Stone Soup version 0.23-a0-169-gb21e69520c (webtiles) character file.

209 PikkenKukken the Insei (level 5, -11/43 HPs)
             Began as a Demonspawn Monk on Sept 12, 2018.
             Killed by divine providence
             ... invoked by an orc priest
              (14 damage)
             ... on level 3 of the Dungeon.
             The game lasted 00:02:36 (1362 turns).

PikkenKukken the Insei (Demonspawn Monk)            Turns: 1362, Time: 00:02:37

Health: -11/43     AC:  4    Str: 12    XL:     5   Next: 55%
Magic:  5/5        EV: 13    Int: 11    God:
Gold:   72         SH:  0    Dex: 16    Spells: 4/4 levels left

rFire    . . .     SeeInvis .     - Unarmed
rCold    . . .     Gourm    .   (no shield)
rNeg     . . .     Faith    .   f - +0 leather armour
rPois    .         Spirit   .   (helmet restricted)
rElec    .         Reflect  .   (no cloak)
rCorr    .         Harm     .   (no gloves)
MR       .....                  (no boots)
Stlth    ++........             (no amulet)
HPRegen  0.14/turn              (no ring)
MPRegen  0.09/turn              (no ring)

@: no status effects
A: antennae 1, rugged brown scales 1
a: no special abilities


You were on level 3 of the Dungeon.
You were not hungry.

You visited 1 branch of the dungeon, and saw 3 of its levels.

You collected 72 gold pieces.

Inventory:

Armour
 a - a +0 robe
 f - a +0 leather armour (worn)
Scrolls
 c - 4 scrolls of remove curse
 i - a scroll of amnesia
Potions
 e - 2 potions of flight
 h - a potion of haste {unknown}
Comestibles
 b - 6 rations
 d - 7 chunks of flesh


   Skills:
 + Level 3.8 Fighting
 * Level 3.0 Armour
 - Level 2.6 Dodging
 - Level 1.7 Stealth
 * Level 4.1 Unarmed Combat


You had 4 spell levels left.
You didn't know any spells.
Your spell library was empty.

Dungeon Overview and Level Annotations

Branches:
Dungeon (2/15)

Altars:
Ashenzari


Innate Abilities, Weirdness & Mutations

You have a pair of small antennae on your head.
You are partially covered in rugged brown scales. (AC +1, +3% HP)


Message History

The orc hits you but does no damage.
You hear some strange, mumbled words.
A puff of flame appears from out of thin air!
The puff of flame hits you!
* * * LOW HITPOINT WARNING * * *
The orc hits you with a club.
* * * LOW HITPOINT WARNING * * *
You hit the orc but do no damage.
The orc is lightly wounded.
The orc hits you with a club.
* * * LOW HITPOINT WARNING * * *
The orc barely misses you. Something hits you but does no damage.
The orc barely misses you.
Unknown command.
You barely miss the orc.
The orc is lightly wounded.
The orc hits you but does no damage.
The orc priest calls down the wrath of Beogh upon you.
Beogh smites you!
You die...

##################
..........o@oK...#
.#..?..#o{....#
#.....#o.....#
##...##......#
#...#.......#
##.##.......# #.#
...###.# ####.###
.# ...


You could see an orc priest, 3 orcs and a kobold.

Vanquished Creatures
  A hippogriff (D:2)
  3 leopard geckos
  5 goblins
  3 hobgoblins
  4 jackals (D:1)
  3 kobolds
  A quokka (D:2)
  A bat (D:1)
  A frilled lizard (D:2)
  10 rats
32 creatures vanquished.

Notes
Turn   | Place    | Note
-------+----------+-------------------------------------------
     0 | D:1      | PikkenKukken the Demonspawn Monk began the quest for the
                  | Orb.
     0 | D:1      | Reached XP level 1. HP: 18/18 MP: 1/1
   128 | D:1      | Gained mutation: You have a pair of small antennae on your
                  | head. [demonic ancestry]
   128 | D:1      | Reached XP level 2. HP: 15/24 MP: 2/2
   137 | D:1      | Reached skill level 3 in Unarmed Combat
   139 | D:1      | Reached skill level 1 in Armour
   937 | D:2      | Reached XP level 3. HP: 24/29 MP: 3/3
  1061 | D:2      | Noticed a hippogriff
  1068 | D:2      | Killed a hippogriff
  1068 | D:2      | Reached skill level 4 in Unarmed Combat
  1068 | D:2      | Gained mutation: You are partially covered in rugged brown
                  | scales. (AC +1, +3% HP) [demonic ancestry]
  1068 | D:2      | Reached XP level 4. HP: 36/38 MP: 4/4
  1068 | D:2      | Reached XP level 5. HP: 41/43 MP: 5/5
  1346 | D:2      | You fall through a shaft!
  1346 | D:3      | Found a shattered altar of Ashenzari.
  1362 | D:3      | Killed from afar by an orc priest

Vault maps used:
D:1:      dpeg_arrival_radiant, minivault_24, minmay_tiny_reverse_x
D:2:      kennysheep_big_flooded_room, first_ration
D:3:      gammafunk_wand_slinger, nicolae_ashenzari_panopticon, uniq_ijyb,
          uniq_sigmund, uniq_jessica

Skill      XL: |  1  2  3  4  5 |
---------------+----------------+-----
Unarmed Combat | 3 4 |  4.1
Armour         | 1 2 3 |  3.0
Fighting       | |  3.8
Dodging        | |  2.6
Stealth        | |  1.7

Action                   |  1- 3 |  4- 6 || total
-------------------------+-------+-------++-------
Melee: Unarmed           |    85 |    23 ||   108
  Use: Scroll            |     5 |     1 ||     6
       Potion            |     1 |       ||     1
 Stab: Sleeping          |     4 |       ||     4
  Eat: Chunk             |     1 |       ||     1
Armor: Robe              |     8 |       ||     8
       Leather armour    |     4 |     7 ||    11
       Skin              |    12 |     2 ||    14
Dodge: Dodged            |    49 |    26 ||    75

Table legend:
 A = Non-vault XP
 B = Vault XP
 C = Vault XP percentage of total XP
 D = Non-vault monster count
 E = Vault monster count
 F = Vault count percentage of total count
                 A         B        C        D         E       F
            +---------+---------+-------+---------+---------+-------
      Total |     296 |       3 |   1.0 |      30 |       2 |   6.2
            +---------+---------+-------+---------+---------+-------
        D:1 |      27 |       3 |  10.0 |      15 |       2 |  11.8
        D:2 |     269 |       0 |   0.0 |      15 |       0 |   0.0
            +---------+---------+-------+---------+---------+-------
